 Dungeon Sprint DCSS version 0.26-a0-667-g92642533e4 (webtiles) character file.

Game seed: 7394131128658802020

338 mhtbhm the Thaumaturge (level 6, -3/32 HPs)
             Began as a Deep Elf Earth Elementalist on Oct 17, 2020.
             Was a Believer of Vehumet.
             Shot with an arrow by a centaur warrior (7 damage)
             ... in the Dungeon (Sprint IX: "|||||||||||||||||||||||||||||").
             The game lasted 00:03:36 (474 turns).

mhtbhm the Thaumaturge (Deep Elf Earth Elementalist) Turns: 474, Time: 00:03:37

Health: -3/32      AC:  4    Str:  8    XL:     6   Next: 29%
Magic:  13/22      EV: 15    Int: 25    God:    Vehumet [**....]
Gold:   0          SH:  0    Dex: 15    Spells: 12/27 levels left

rFire    . . .     SeeInvis .   l - +2 rapier (drain)
rCold    . . .     Faith    .   (no shield)
rNeg     . . .     Spirit   .   c - +0 robe
rPois    .         Reflect  .   (no helmet)
rElec    .         Harm     .   n - +0 cloak
rCorr    .         Rampage  .   m - +0 pair of gloves
MR       .....     NoTele   +   (no boots)
Stlth    +++.......             (no amulet)
HPRegen  0.10/turn              o - +3 ring of strength
MPRegen  0.18/turn              p - +3 ring of intelligence

@: no status effects
A: no striking features
a: Renounce Religion


You were in the Dungeon.
You worshipped Vehumet.
Vehumet was pleased with you.
You visited 1 branch

Inventory:

Hand Weapons
 l - a +2 rapier of draining (weapon)
Missiles
 b - 12 stones (quivered)
Armour
 c - a +0 robe (worn)
 m - a +0 pair of gloves (worn)
 n - a +0 cloak (worn)
Jewellery
 o - a +3 ring of strength (left hand)
 p - a +3 ring of intelligence (right hand)
Wands
 k - a wand of iceblast (10)
Scrolls
 f - 3 scrolls of remove curse
 i - 2 scrolls of blinking
 j - 2 scrolls of amnesia
Potions
 a - a potion of invisibility
 d - a potion of heal wounds
 e - 4 potions of curing
 g - 3 potions of magic
 h - a potion of berserk rage


   Skills:
 + Level 5.3 Dodging
 - Level 3.8 Stealth
 + Level 11.3 Spellcasting
 + Level 1.1 Transmutations
 + Level 10.6 Earth Magic


You had 12 spell levels left.
You knew the following spells:

 Your Spells              Type           Power        Failure   Level
a - Sandblast             Erth           ######       1%          1
b - Passwall              Tmut/Erth      #####...     1%          2
c - Stone Arrow           Conj/Erth      #####.       1%          3
d - Lee's Rapid Deconstr  Erth           ######....   1%          5
e - Petrify               Tmut/Erth      #####...     3%          4

Your spell library contained the following spells:

 Spells                   Type           Power        Failure   Level
 Shock                    Conj/Air       ##..         4%          1


Dungeon Overview and Level Annotations

Branches:
Dungeon (1/1)

Altars:
Cheibriados
Dithmenos
Elyvilon
Fedhas
Gozag
Hepliaklqana
Kikubaaqudgha
Makhleb
Nemelex Xobeh
Okawaru
Qazlal
Ru
Sif Muna
Trog
Uskayaw
Vehumet
Wu Jian
Xom
Yredelemnul
Zin
The Shining One
Beogh
Jiyva
Lugonu


Message History

The spell is quite dangerous to cast (1% risk of failure)!
Continue anyway?
Okay, then.
Unknown command.
Unknown command.
Casting: Lee's Rapid Deconstruction (quite dangerous; 1% risk of failure)
Confirm with . or Enter, or press ? or * to list all spells.
The spell is quite dangerous to cast (1% risk of failure)!
Continue anyway?
Aiming: Lee's Rapid Deconstruction (quite dangerous; 1% risk of failure)
Press: ? - help, Dir - move target cursor, f/p - centaur warrior Fragment what (e.g. wall or brittle monster)?: a centaur warrior, wielding a +0 shortbow and quivering 13 arrows An open door.
The stone door frame shatters!
The blast of rock fragments hits the centaur warrior!!
The centaur warrior is moderately wounded.
The blast of rock fragments hits something!!
The centaur warrior shoots an arrow.
The arrow hits you!!
Ouch! That really hurt!
* * * LOW HITPOINT WARNING * * *
The centaur warrior shoots an arrow.
The arrow hits you!
You die... ▓▓▓▓▓▓▓▓▓▓▓▓▓▓▓▓▓▓▓▓▓▓▓▓▓ _'..)...[..((...@(c.c{Bo. ▓▓▓▓▓▓▓▓▓▓▓▓▓▓▓▓▓▓▓▓▓▓▓▓▓

You could see a centaur warrior, a centaur, a worker ant and an orc.

Vanquished Creatures
  A necrophage (D)
  A big kobold (D)
  A scorpion (D)
  A howler monkey (D)
  A jelly (D)
  An iguana (D)
  A worker ant (D)
  A gnoll (D)
  An orc (D)
  A bat (D)
  A bat zombie (D)
  A hobgoblin (D)
  2 kobolds (D)
  A leopard gecko skeleton (D)
  A rat (D)
16 creatures vanquished.

Notes
Turn   | Place    | Note
-------+----------+-------------------------------------------
     0 | D        | mhtbhm the Deep Elf Earth Elementalist began the quest for
                  | the Orb.
     0 | D        | Reached XP level 1. HP: 10/10 MP: 6/6
    72 | D        | Noticed a worker ant
    72 | D        | Noticed a howler monkey
    79 | D        | Reached skill level 4 in Spellcasting
    79 | D        | Reached skill level 5 in Earth Magic
    79 | D        | Reached XP level 2. HP: 3/15 MP: 1/9
    88 | D        | Reached skill level 5 in Spellcasting
    88 | D        | Reached XP level 3. HP: 15/19 MP: 0/12
    97 | D        | Reached skill level 6 in Spellcasting
    97 | D        | Reached XP level 4. HP: 15/24 MP: 10/14
   298 | D        | Learned a level 2 spell: Passwall
   302 | D        | Learned a level 3 spell: Stone Arrow
   302 | D        | Found a roughly hewn altar of Beogh.
   302 | D        | Found a snail-covered altar of Cheibriados.
   302 | D        | Found a shadowy altar of Dithmenos.
   302 | D        | Found a white marble altar of Elyvilon.
   302 | D        | Found a blossoming altar of Fedhas.
   302 | D        | Found an opulent altar of Gozag.
   303 | D        | Found a hazy altar of Hepliaklqana.
   304 | D        | Found a viscous altar of Jiyva.
   305 | D        | Found an ancient bone altar of Kikubaaqudgha.
   306 | D        | Found a corrupted altar of Lugonu.
   307 | D        | Found a burning altar of Makhleb.
   308 | D        | Found a sparkling altar of Nemelex Xobeh.
   309 | D        | Found an iron altar of Okawaru.
   310 | D        | Found a stormy altar of Qazlal.
   311 | D        | Found a sacrificial altar of Ru.
   312 | D        | Found a shimmering blue altar of Sif Muna.
   313 | D        | Found a bloodstained altar of Trog.
   314 | D        | Found a hide-covered altar of Uskayaw.
   315 | D        | Found a radiant altar of Vehumet.
   316 | D        | Found an ornate altar of the Wu Jian Council.
   317 | D        | Found a shimmering altar of Xom.
   318 | D        | Found a basalt altar of Yredelemnul.
   319 | D        | Found a glowing silver altar of Zin.
   320 | D        | Found a glowing golden altar of the Shining One.
   331 | D        | Became a worshipper of Vehumet
   369 | D        | Noticed a big kobold
   369 | D        | Noticed a necrophage
   371 | D        | Killed a big kobold
   371 | D        | Reached skill level 8 in Spellcasting
   371 | D        | Reached XP level 5. HP: 28/28 MP: 13/18
   376 | D        | Reached * piety under Vehumet
   376 | D        | Offered knowledge of Shock by Vehumet.
   376 | D        | Reached skill level 9 in Spellcasting
   377 | D        | Reached skill level 10 in Spellcasting
   378 | D        | Reached skill level 5 in Dodging
   379 | D        | Killed a necrophage
   379 | D        | Reached ** piety under Vehumet
   379 | D        | Reached skill level 11 in Spellcasting
   379 | D        | Reached skill level 10 in Earth Magic
   379 | D        | Reached XP level 6. HP: 25/32 MP: 6/22
   405 | D        | Learned a level 5 spell: Lee's Rapid Deconstruction
   410 | D        | Learned a level 4 spell: Petrify
   468 | D        | Noticed a centaur warrior
   474 | D        | Shot with an arrow by a centaur warrior

Illustrated notes

Levels and vault maps discovered:
D:        linesprint [early_d, line_temple, items_1, d_10, items_2, lair_1,
          lair_end, items_3, orc_1, orc_end, items_4, d_15, swamp_1, shoals_1,
          snake_1, spider_1, d_20, vaults_1, items_5, swamp_end, shoals_end,
          snake_end, spider_end, vaults_end, d_27, items_6, zot_1, zot_end,
          crypt_end, forest_end, elf_end, slime_end, tomb_end, abyss_end,
          pan_hell_end]

Skill      XL: |  1  2  3  4  5 |
---------------+----------------+-----
Earth Magic    | 5 6 7 8 10 | 10.6
Dodging        | 3 4 5 |  5.3
Stealth        | 3 |  3.8
Spellcasting   | 4 5 6 8 11 | 11.3
Transmutations | |  1.1

Action                   |  1- 3 |  4- 6 || total
-------------------------+-------+-------++-------
Melee: Unarmed           |     2 |       ||     2
 Cast: Sandblast         |    15 |    12 ||    27
       Lee's Rapid Decon |       |     1 ||     1
       Petrify           |       |     1 ||     1
  Use: Potion            |     4 |     1 ||     5
Armor: Robe              |       |     1 ||     1
Dodge: Dodged            |     8 |     5 ||    13

Table legend: (Time is in decaauts)
 A = Elapsed time spent in this place.
 B = Non-inter-level travel time spent in this place.
 C = Inter-level travel time spent in this place.
 D = Time resting spent in this place.
 E = Time spent auto-exploring this place.
 F = Levels seen in this place.
 G = Mean time per level.
                   A        B        C        D        E       F      G
               +--------+--------+--------+--------+--------+-----+--------+
         Total |    452 |    452 |      0 |    272 |      0 |   1 |  452.0 |
       Dungeon |    452 |    452 |      0 |    272 |      0 |   1 |  452.0 |
               +--------+--------+--------+--------+--------+-----+--------+

Top non-repeatable levels by time:
       D: 452 daAuts
